 Dungeon Crawl Stone Soup version 0.26-a0-712-ga5a9c9c9d0 (webtiles) character file.

Game seed: 6823103354761926553

99 kae the Insei (level 4, 0/28 HPs)
             Began as an Octopode Transmuter on Nov 5, 2020.
             Slain by an adder (4 damage)
             ... on level 2 of the Dungeon.
             The game lasted 00:01:19 (2378 turns).

kae the Insei (Octopode Transmuter)                 Turns: 2378, Time: 00:01:19

Health: 0/28       AC:  1    Str: 10    XL:     4   Next: 72%
Magic:  6/7        EV: 13    Int: 15    God:
Gold:   77         SH:  0    Dex: 12    Spells: 4/8 levels left

rFire    . . .     SeeInvis .     - Unarmed
rCold    . . .     Faith    .   (no shield)
rNeg     . . .     Spirit   .   (helmet currently unavailable)
rPois    .         Reflect  .   (no amulet)
rElec    .         Harm     .   (no ring)
rCorr    .         Rampage  .   (no ring)
MR       .....                  (no ring)
Stlth    ++........             (no ring)
HPRegen  0.09/turn              (no ring)
MPRegen  0.10/turn              (no ring)
                                (no ring)
                                (no ring)

@: appendages
A: almost no armour, stealthy swim, amphibious, 8 rings, constrict 8, tentacle
spike 3, camouflage 1, gelatinous body 1
a: End Transformation


You were on level 2 of the Dungeon.
One of your tentacles had a temporary spike.
You visited 1 branch of the dungeon, and saw 2 of its levels.

You collected 77 gold pieces.

Inventory:

Jewellery
 a - an uncursed ring of flight {unknown}
Scrolls
 b - a scroll of noise {unknown}
 e - a scroll of fog {unknown}
 f - a scroll of identify {unknown}
Potions
 c - a potion of curing {unknown}
 d - a potion of stabbing {unknown}


   Skills:
 - Level 1.0 Fighting
 - Level 2.0 Dodging
 * Level 3.9 Unarmed Combat
 + Level 2.5 Spellcasting
 * Level 3.2 Transmutations
 + Level 1.3 Poison Magic


You had 4 spell levels left.
You knew the following spells:

 Your Spells              Type           Power        Failure   Level
a - Beastly Appendage     Tmut           ##....       5%          1
b - Spider Form           Tmut/Pois      #.........   24%         3

Your spell library contained the following spells:

 Spells                   Type           Power        Failure   Level
 Wereblood                Tmut           ##......     9%          2
 Ice Form                 Ice/Tmut       #.......     71%         4
 Blade Hands              Tmut           ##........   83%         5


Dungeon Overview and Level Annotations

Branches:
Dungeon (2/15)

Altars:
Makhleb
Nemelex Xobeh


Innate Abilities, Weirdness & Mutations

You cannot wear most types of armour.
You are very stealthy in the water. (Stealth+)
You are amphibious.
You can wear up to eight rings at the same time.
You can use your tentacles to constrict eight enemies at once.
Your skin changes colour to match your surroundings (Stealth+).
Your rubbery body absorbs attacks. (AC +1, EV +1)
One of your tentacles bears a large vicious spike.


Message History

You barely miss the worm.
The adder hisses angrily.
Your grab misses the worm. The worm bites you!
You are too injured to fight recklessly!
You are too injured to fight recklessly!
You are too injured to fight recklessly!
You barely miss the worm. You grab the worm. You constrict the worm.
You release your grip on the worm.
Casting: Beastly Appendage (safe; 5% risk of failure)
Confirm with . or Enter, or press ? or * to list all spells.
One of your tentacles grows a vicious spike.
The adder bites you.
* * * LOW HITPOINT WARNING * * *
The adder bites you.
* * * LOW HITPOINT WARNING * * *
You tentacle-slap the adder. Your grab misses the adder.
Your tentacle spike misses the adder.
The adder is heavily wounded.
The adder bites you.
You die...

# ## ........##.#....#
##.##........#.#.#..#
.>............#.##..##
...............##....#
......)...............
.####.................
............).w##....
.............(#S## .#
.....^.......#.#@#.
.............##.#....#
..........).#.##......#
...........#.#..........
...........##...........
.......(.(#.............
........................
......................
#..........#.###.###


You could see a worm and an adder.

Vanquished Creatures
  Jessica (D:2)
  An ooze (D:1)
  A dart slug (D:1)
  3 leopard geckos
  7 bats
  A giant cockroach (D:1)
  12 goblins
  6 hobgoblins
  7 jackals (D:1)
  5 kobolds
  A quokka (D:2)
  4 frilled lizards
  3 rats
52 creatures vanquished.

Notes
Turn   | Place    | Note
-------+----------+-------------------------------------------
     0 | D:1      | kae the Octopode Transmuter began the quest for the Orb.
     0 | D:1      | Reached XP level 1. HP: 13/13 MP: 3/3
   274 | D:1      | Found a sparkling altar of Nemelex Xobeh.
   279 | D:1      | Reached XP level 2. HP: 12/18 MP: 3/5
   819 | D:1      | Reached XP level 3. HP: 23/23 MP: 6/6
   824 | D:1      | Learned a level 3 spell: Spider Form
  1428 | D:2      | Noticed Jessica
  1596 | D:2      | Killed Jessica
  1596 | D:2      | Reached skill level 1 in Poison Magic
  1596 | D:2      | Reached XP level 4. HP: 28/28 MP: 3/7
  1669 | D:2      | Found a burning altar of Makhleb.
  1669 | D:2      | Noticed a blizzard demon
  1672 | D:2      | Noticed a neqoxec
  1672 | D:2      | Noticed a smoke demon
  2378 | D:2      | Slain by an adder

Illustrated notes

Levels and vault maps discovered:
D:1:      evilmike_arrival_hilbert_curve, layout_basic,
          nemelex_diamond_rough_becter
D:2:      layout_rooms, makhleb_altar_promises_db,
          minmay_misc_feat_secret_circle, uniq_jessica

Skill      XL: |  1  2  3 |
---------------+----------+-----
Transmutations | 3 |  3.2
Poison Magic   | 1 |  1.3
Fighting       | |  1.0
Dodging        | |  2.0
Unarmed Combat | |  3.9
Spellcasting   | |  2.5

Action                   |  1- 3 |  4- 6 || total
-------------------------+-------+-------++-------
Melee: Unarmed           |    67 |    41 ||   108
       Constrict         |    18 |    14 ||    32
       Kick              |    17 |     8 ||    25
       Punch             |     3 |       ||     3
       Tentacles         |     9 |     6 ||    15
 Cast: Beastly Appendage |    17 |    12 ||    29
       Spider Form       |     1 |       ||     1
 Stab: Sleeping          |     3 |       ||     3
Armor: Skin              |     6 |     2 ||     8
Dodge: Dodged            |    55 |    23 ||    78

Table legend: (Time is in decaauts)
 A = Elapsed time spent in this place.
 B = Non-inter-level travel time spent in this place.
 C = Inter-level travel time spent in this place.
 D = Time resting spent in this place.
 E = Time spent auto-exploring this place.
 F = Levels seen in this place.
 G = Mean time per level.
                   A        B        C        D        E       F      G
               +--------+--------+--------+--------+--------+-----+--------+
         Total |   2372 |   2345 |     27 |    197 |   1791 |   2 | 1186.0 |
       Dungeon |   2372 |   2345 |     27 |    197 |   1791 |   2 | 1186.0 |
               +--------+--------+--------+--------+--------+-----+--------+

Top non-repeatable levels by time:
     D:1: 1538 daAuts
     D:2: 833 daAuts
